 Dungeon Crawl Stone Soup version 0.31.0-32-g396128a36d (webtiles) character file.

Game seed: 9211788879021505817

56514 mmk665 the Blocker (level 14, 0/92 HPs)
             Began as a Gargoyle Fighter on Mar 8, 2024.
             Was a High Priest of the Shining One.
             Slain by a spectral stone giant (14 damage)
             ... called from beyond by a revenant
             ... on level 2 of the Abyss.
             The game lasted 00:53:56 (16055 turns).

mmk665 the Blocker (Gargoyle Fighter)              Turns: 16055, Time: 00:53:57

Health: 0/92       AC: 29    Str: 20    XL:     14   Next: 82%
Magic:  14/14      EV: 13    Int: 16    God:    the Shining One [*****.]
Gold:   1099       SH: 11    Dex: 13    Spells: 11/13 levels left

rFire   + . .        j - +6 spear (venom)
rCold   . . .        i - +4 buckler "Mymaq" {Will- Regen+ rCorr MP+9}
rNeg    + + +        I - +5 scale mail of Jisheaf {rF+ MP-9 SInv}
rPois   ∞            y - +2 hat
rElec   +            (no cloak)
rCorr   +            w - +2 pair of gloves
SInv    +            (no boots)
Will    +....        (no amulet)
Stlth   +            E - ring of willpower
HPRegen 1.15/turn    L - +6 ring of intelligence
MPRegen 0.14/turn

%: no passive effects
@: about to teleport, flying, glowing
A: sickness immunity, AC +10, big wings, negative energy resistance 1,
electricity resistance, torment resistance 1, petrification resistance,
MP-powered wands
a: Renounce Religion, Divine Shield, Cleansing Flame, Summon Divine Warrior


You were on level 2 of the Abyss.
You worshipped the Shining One.
The Shining One was extremely pleased with you.
You visited 4 branches of the dungeon, and saw 18 of its levels.
You visited the Abyss 1 time.
You also visited: Sewer.

You collected 1262 gold pieces.
You spent 136 gold pieces at shops.
You donated 27 gold pieces to Zin.

Inventory:

Hand Weapons
 j - a +6 spear of venom (weapon)
 s - a +3 longbow of flaming
 U - the +7 broad axe "Kootwe" {freeze, *Slow rF- MP+9 Str+8}
   (You found it on level 3 of the Lair of Beasts)

   Str+8:     It affects your strength (+8).
   rF-:       It makes you vulnerable to fire.
   MP+9:      It affects your magic capacity (+9).
   *Slow:     It may slow you when you take damage.
Missiles
 b - 10 poisoned darts (quivered)
 t - 5 atropa-tipped darts
 B - 9 throwing nets
 M - 5 curare-tipped darts
Armour
 i - the +4 buckler "Mymaq" (worn) {Will- Regen+ rCorr MP+9}
   (You acquired it on level 4 of the Dungeon)

   Will-:     It decreases your willpower.
   MP+9:      It affects your magic capacity (+9).
   Regen+:    It increases your rate of health regeneration.
   rCorr:     It protects you from acid and corrosion.
 n - the +4 robe "Hoxoxasu" {rElec Str+4}
   (You found it on level 3 of the Dungeon)

   Str+4:     It affects your strength (+4).
   rElec:     It insulates you from electricity.
 p - +0 steam dragon scales
 v - +3 acid dragon scales
 w - a +2 pair of gloves (worn)
 y - a +2 hat (worn)
 H - +0 acid dragon scales
 I - the +5 scale mail of Jisheaf (worn) {rF+ MP-9 SInv}
   (You found it on level 9 of the Dungeon)

   rF+:       It protects you from fire.
   MP-9:      It affects your magic capacity (-9).
   SInv:      It lets you see invisible.
 O - a +0 troll leather armour
Jewellery
 c - a ring of protection from cold
 z - a ring of flight
 D - a ring of ice
 E - a ring of willpower (left hand)
 G - an amulet of the acrobat
 J - an amulet of magic regeneration
 L - a +6 ring of intelligence (right hand)
 P - the amulet "Iluim" {Reflect rC+ SH+5}
   (You found it on level 5 of the Lair of Beasts)

   [amulet of reflection]

   Reflect:   It reflects blocked missile attacks.
   rC+:       It protects you from cold.
   SH+5:      It affects your SH (+5).
 Q - a ring of resist corrosion
Wands
 C - a wand of mindburst (16)
 F - a wand of flame (53)
 K - a wand of roots (22)
Scrolls
 a - 4 scrolls of fog
 g - 2 scrolls of noise
 k - 3 scrolls of teleportation
 l - 3 scrolls of amnesia
 m - 11 scrolls of identify
 o - 2 scrolls of fear
 u - 2 scrolls of immolation {unknown}
 A - a scroll of blinking
 S - 2 scrolls of revelation
Potions
 d - 4 potions of might
 e - 5 potions of enlightenment
 f - 4 potions of attraction
 h - 7 potions of curing
 q - 2 potions of haste
 r - 2 potions of invisibility
 N - 2 potions of brilliance
 R - 2 potions of cancellation {unknown}


   Skills:
 + Level 12.4 Fighting
 + Level 3.5(9.0) Axes
 + Level 12.9(13.1) Polearms
 + Level 3.0 Ranged Weapons
 + Level 0.4 Throwing
 + Level 9.3 Armour
 + Level 9.3 Dodging
 + Level 6.6 Stealth
 + Level 13.2 Shields
 + Level 0.2 Invocations


You had 11 spell levels left.
You knew the following spells:

 Your Spells              Type           Power      Damage    Failure   Level
a - Blink                 Tloc           0%         N/A       71%         2

Your spell library contained the following spells:

 Spells                   Type           Power      Damage    Failure   Level
 Lesser Beckoning         Tloc           0%         N/A       71%         2
 Momentum Strike          Conj/Tloc      0%         3d8       71%         2
 Call Canine Familiar     Summ           0%         N/A       90%         3
 Fugue of the Fallen      Necr           0%         N/A       90%         3
 Gell's Gravitas          Tloc           0%         N/A       90%         3
 Hailstorm                Conj/Ice       0%         3d5       90%         3
 Inner Flame              Hex/Fire       0%         N/A       90%         3
 Ozocubu's Armour         Ice            0%         N/A       90%         3
 Sigil of Binding         Hex            0%         N/A       90%         3
 Summon Ice Beast         Ice/Summ       0%         N/A       90%         3
 Teleport Other           Tloc           0%         N/A       90%         3
 Tukima's Dance           Hex            0%         N/A       90%         3
 Animate Armour           Summ/Erth      0%         N/A       100%        4
 Dimensional Bullseye     Hex/Tloc       0%         N/A       100%        4
 Manifold Assault         Tloc           0%         N/A       100%        4
 Passage of Golubria      Tloc           0%         N/A       100%        4
 Summon Lightning Spire   Summ/Air       0%         N/A       100%        4
 Lee's Rapid Deconstruct  Erth           0%         3d4*      100%        5
 Yara's Violent Unravell  Hex/Alch       0%         3d3       100%        5
 Dispersal                Tloc           0%         N/A       100%        6
 Sculpt Simulacrum        Ice/Alch       0%         N/A       100%        6
 Disjunction              Tloc           0%         N/A       100%        8
 Chain Lightning          Conj/Air       0%         N/A       100%        9
 Fire Storm               Conj/Fire      0%         5d1       100%        9
 Shatter                  Erth           0%         3d5*      100%        9


Dungeon Overview and Level Annotations

Branches:
Dungeon (11/15)            Temple (1/1) D:6            Lair (5/5) D:11
 Shoals (1/4) Lair:2       Spider (0/4) Lair:3        Slime (0/5) Lair:5
  Sewer (visited)
    Orc: D:9-12

Altars:
Ashenzari
Cheibriados
Dithmenos
Elyvilon
Fedhas
Gozag
Hepliaklqana
Kikubaaqudgha
Makhleb
Nemelex Xobeh
Okawaru
Qazlal
Ru
Sif Muna
Trog
Uskayaw
Vehumet
Wu Jian
Xom
Yredelemnul
Zin
The Shining One
Jiyva
Lugonu

Shops:
D:2 (?![   D:7 *

Portals:
Abyss: Lair:5

Annotations:
D:8 exclusion: orange crystal statue


Innate Abilities, Weirdness & Mutations

You are immune to sickness and miasma.
Your stone body is resilient. (AC +10)
You are immune to poison.
Your large and strong wings let you fly.
You resist negative energy. (rN+)
You are resistant to electric shocks. (rElec)
You are resistant to unholy torment.
You are immune to petrification.
You expend magic power (3 MP) to strengthen your wands.


Message History

The spectral shard shrike barely misses you.
The spectral shard shrike claws you but does no damage. x2
The spectral titan attacks as it pursues you!
The spectral titan hits you but does no damage.
The revenant conjures spectral mists around you.
The spectral mist engulfs you.
You are engulfed in spectral mist.
You block the spectral shard shrike's attack.
The spectral shard shrike claws you but does no damage. x2
The spectral titan hits you!!
The revenant hits you but does no damage.
You hit the revenant.
The revenant is almost destroyed.
You are engulfed in spectral mist.
The spectral shard shrike claws you!
* * * LOW HITPOINT WARNING * * *
The spectral shard shrike barely misses you.
You feel much better.
You are engulfed in spectral mist.
The spectral shard shrike fades away!
The revenant lashes out with ghostly flames.
The ghostly flame explodes!
The ghostly fireball engulfs you but does no damage.
You resist.
The ghostly fireball engulfs the spectral titan.
The spectral titan completely resists.
The ghostly fireball engulfs the revenant.
The revenant completely resists.
The ghostly fireball engulfs the spectral stone giant.
The spectral stone giant completely resists.
The spectral stone giant completely misses you.
You block the spectral titan's attack.
As you read the scroll of teleportation, it crumbles to dust.
You feel strangely unstable.
You feel the power of the Abyss delaying your translocation!
You are engulfed in spectral mist.
The revenant hits you but does no damage.
The spectral stone giant hits you but does no damage.
The spectral titan hits you!!
* * * LOW HITPOINT WARNING * * *
The spectral stone giant hits you!
You die...

.. .# .## #. ...# # #
..# .#.#.#.# # #.
...# .#.#..# .# ..
...##..##.....#..##..
#..~≈..~....#........
#~~.~.zZ...#..# ..#
#~~~.☼@Z○.......#.#
#.≈.~○Z§~..~~.... #.
#...§○~☼~~~~~~~... .
#..~.≈~≈~.~Z~~~~.~~#
.#~.~~.~~~~.~~~~....
#.......~~....~~~.#.
#~.~≈~~~~......~.~#
#~~.~~~~..##..~.. ..
..~~~.~..###..~ ~~..


You could see a revenant, 2 spectral stone giants, a spectral titan (summoned)
and a spectral juggernaut (summoned).

Vanquished Creatures
  Gastronok (Lair:1)
  Nessos (Lair:4)
  5 hydras
  2 two-headed ogres
  3 death yaks (Lair:2)
  A tengu warrior (D:11)
  3 thrashing horrors (Lair:5)
  The ghost of Killerpretzel the Mimic, a novice OpSh of Vehumet (D:9)
  Nergalle (Lair:2)
  Sonja (D:11)
  2 skysharks (Lair:4)
  Amaemon (Lair:2)
  2 lindwurms (Lair:5)
  3 harpies (Shoals:1)
  2 cyclopes
  A moth of wrath (D:9)
  4 ugly things
  A manticore (Shoals:1)
  A large abomination (Lair:5)
  2 black mambas
  A merfolk siren (Lair:2)
  A smoke demon (Lair:5)
  10 cane toads
  An orange demon (Lair:2)
  A torpor snail (Lair:5)
  An unseen horror (shapeshifter) (Lair:5)
  A cane toad (shapeshifter) (Lair:5)
  A rime drake (Lair:2)
  7 komodo dragons
  2 kobold demonologists
  3 merfolk (Lair:2)
  2 polar bears
  5 trolls
  A hornet (D:9)
  35 blink frogs
  A raiju (Lair:5)
  2 dream sheep (Shoals:1)
  Sigmund (D:3)
  A shadow (D:8)
  A culicivora (Lair:3)
  3 wyverns
  3 ynoxinuls (Lair:5)
  A fire bat (D:9)
  39 yaks
  4 vampires
  Grum (D:6)
  A chaos spawn (Lair:5)
  A redback (Lair:3)
  7 basilisks
  A steam dragon (D:8)
  11 vampire mosquitoes
  3 acid dragons
  18 water moccasins
  A hell hound (D:9)
  2 black bears
  An orc warrior (D:8)
  5 ogres
  4 sky beasts
  An ice beast (D:8)
  9 wolves
  3 centaurs
  A phantom (D:6)
  A kobold brigand (D:10)
  A brain worm (shapeshifter) (Lair:5)
  A brain worm (Sewer)
  19 bullfrogs
  4 gnoll sergeants
  4 scorpions
  10 small abominations (Lair:5)
  6 killer bees (D:9)
  An electric eel (Lair:5)
  A howler monkey (D:4)
  4 lava snakes (D:8)
  3 bombardier beetles
  3 orc priests
  11 hounds
  2 jellies
  4 sleepcaps
  3 iguanas
  5 gnoll boudas
  5 orc wizards
  31 gnolls
  4 river rats (Sewer)
  10 adders
  A shadow imp (D:7)
  2 white imps (D:5)
  4 dart slugs
  2 ribbon worms
  31 orcs
  7 ball pythons
  9 endoplasms
  5 giant cockroaches
  18 goblins
  7 hobgoblins
  8 jackals
  7 kobolds
  7 quokkas
  9 bats
  A frilled lizard (Sewer)
  6 rats
  A spectral hobgoblin (D:7)
494 creatures vanquished.

Notes
Turn   | Place    | Note
-------+----------+-------------------------------------------
     0 | D:1      | mmk665 the Gargoyle Fighter began the quest for the Orb.
     0 | D:1      | Reached XP level 1. HP: 14/14 MP: 1/1
   257 | D:1      | Reached XP level 2. HP: 19/19 MP: 2/2
   953 | D:2      | Found a transporter.
   956 | D:2      | Found Wegug's Armour Boutique.
   963 | D:2      | Found Hixtaloh's Distillery.
   966 | D:2      | Bought a potion of mutation for 88 gold pieces
   966 | D:2      | Gained mutation: Your mind is acute. (Int +4, Str/Dex -1)
                  | [potion of mutation]
   966 | D:2      | Gained mutation: Your mind is very acute. (Int +8, Str/Dex
                  | -2) [potion of mutation]
  1032 | D:2      | Found a transporter.
  1063 | D:2      | Found Titariyff's Magic Scroll Emporium.
  1079 | D:2      | Bought 2 scrolls of identify for 48 gold pieces
  1189 | D:2      | Reached XP level 3. HP: 23/23 MP: 3/3
  1354 | D:2      | Found Gourchit's Antique Weapon Boutique.
  1646 | D:3      | Identified the +4 robe "Hoxoxasu" {rElec Str+4}
  1670 | D:3      | Noticed Sigmund
  1678 | D:3      | Killed Sigmund
  1679 | D:3      | Reached skill level 1 in Stealth
  1679 | D:3      | Reached XP level 4. HP: 15/29 MP: 4/4
  1679 | D:3      | Reached XP level 5. HP: 17/33 MP: 5/5
  2270 | D:3      | Lost mutation: Your mind is very acute. (Int +8, Str/Dex
                  | -2) [potion of mutation]
  2270 | D:3      | Lost mutation: Your mind is acute. (Int +4, Str/Dex -1)
                  | [potion of mutation]
  2270 | D:3      | Gained mutation: Your health recovers twice as slowly from
                  | being drained. [potion of mutation]
  2270 | D:3      | Gained mutation: You are covered in fur. (AC +1) [potion of
                  | mutation]
  2270 | D:3      | Gained mutation: You expend magic power (3 MP) to
                  | strengthen your wands. [potion of mutation]
  2309 | D:4      | Reached XP level 6. HP: 38/38 MP: 6/6
  2510 | D:4      | Found a glowing drain.
  2539 | Sewer    | Entered a sewer
  2820 | Sewer    | Reached skill level 1 in Dodging
  3245 | D:4      | Reached XP level 7. HP: 39/44 MP: 7/7
  3300 | D:4      | Found a shadowy altar of Dithmenos.
  3850 | D:4      | Found a shimmering altar of Xom.
  3957 | D:4      | Reached skill level 5 in Fighting
  4082 | D:4      | Identified a scroll of acquirement
  4082 | D:4      | Acquired the +4 buckler "Mymaq" {Will- Regen+ rCorr MP+9}
  4329 | D:5      | Entered Level 5 of the Dungeon
  4364 | D:5      | Reached skill level 5 in Polearms
  4364 | D:5      | Reached XP level 8. HP: 49/49 MP: 8/8
  4414 | D:5      | Reached skill level 6 in Shields
  4414 | D:5      | Reached XP level 9. HP: 57/57 MP: 9/9
  5163 | D:6      | Found a staircase to the Ecumenical Temple.
  5250 | Temple   | Entered the Ecumenical Temple
  5279 | Temple   | Became a worshipper of Zin the Law-Giver
  5279 | Temple   | Reached * piety under Zin
  5452 | D:6      | Found a glowing golden altar of the Shining One.
  5497 | D:6      | Fell from the grace of Zin
  5497 | D:6      | Became a worshipper of the Shining One
  5810 | D:6      | Reached XP level 10. HP: 64/64 MP: 10/10
  5849 | D:6      | Reached * piety under the Shining One
  5922 | D:6      | Found a sparkling altar of Nemelex Xobeh.
  5974 | D:6      | Noticed Grum
  5984 | D:6      | Killed Grum
  6454 | D:7      | Found a hazy altar of Hepliaklqana.
  6521 | D:7      | Reached skill level 7 in Shields
  6556 | D:7      | Found Uhaydib's Assorted Antiques.
  6594 | D:7      | Found a bloodstained altar of Trog.
  7126 | D:7      | Noticed a kobold demonologist
  7134 | D:7      | Killed a kobold demonologist
  7298 | D:8      | Noticed an orange crystal statue
  7360 | D:8      | Noticed a two-headed ogre
  7391 | D:8      | Killed a two-headed ogre
  7693 | D:8      | Reached skill level 1 in Ranged Weapons
  7712 | D:8      | Reached XP level 11. HP: 39/69 MP: 11/11
  7974 | D:9      | Reached ** piety under the Shining One
  8159 | D:9      | Found a hide-covered altar of Uskayaw.
  8173 | D:9      | Identified the +5 scale mail of Jisheaf {rF+ MP-9 SInv}
  8178 | D:9      | Learned a level 2 spell: Blink
  8200 | D:9      | Found a transporter.
  8220 | D:9      | Reached skill level 10 in Polearms
  8236 | D:9      | Noticed Killerpretzel's ghost (novice OpSh)
  8236 | D:9      | Noticed a moth of wrath
  8250 | D:9      | Found a transporter.
  8437 | D:9      | Found a white marble altar of Elyvilon.
  8584 | D:9      | Found a radiant altar of Vehumet.
  8766 | D:9      | Found a shimmering altar of Xom.
  8946 | D:9      | Reached skill level 8 in Shields
  8954 | D:9      | Reached skill level 5 in Armour
  8968 | D:9      | Killed a moth of wrath
  8977 | D:9      | HP: 1/71 [killer bee (7)]
  9079 | D:9      | Killed Killerpretzel's ghost
  9159 | D:10     | Entered Level 10 of the Dungeon
  9192 | D:10     | Found an opulent altar of Gozag.
  9675 | D:10     | Noticed a sixfirhy
  9904 | D:11     | Noticed a two-headed ogre
  9913 | D:11     | Killed a two-headed ogre
 10003 | D:11     | Reached XP level 12. HP: 73/76 MP: 12/12
 10018 | D:11     | Reached skill level 9 in Shields
 10147 | D:11     | Found a staircase to the Lair.
 10157 | D:11     | Reached *** piety under the Shining One
 10181 | D:11     | Noticed Sonja
 10188 | D:11     | Killed Sonja
 10238 | D:11     | Noticed a tengu warrior
 10254 | D:11     | Killed a tengu warrior
 10541 | Lair:1   | Entered Level 1 of the Lair of Beasts
 10668 | Lair:1   | You are sucked into a shaft and drop 1 floor!
 10705 | Lair:2   | Reached skill level 10 in Fighting
 10730 | Lair:2   | Found a staircase to the Shoals.
 10929 | Lair:2   | Noticed Nergalle
 10968 | Lair:2   | Killed Nergalle
 11331 | Lair:1   | Reached skill level 10 in Shields
 11331 | Lair:1   | Reached XP level 13. HP: 83/83 MP: 13/13
 11399 | Lair:1   | Noticed Gastronok
 11417 | Lair:1   | Killed Gastronok
 11977 | Lair:2   | Reached **** piety under the Shining One
 12083 | Lair:2   | Noticed Amaemon
 12109 | Lair:2   | Killed Amaemon
 12461 | Lair:3   | Reached skill level 11 in Shields
 12719 | Lair:3   | Identified the +7 broad axe "Kootwe" {freeze, *Slow rF-
                  | MP+9 Str+8}
 12896 | Lair:3   | Found a hole to the Spider Nest.
 13274 | Lair:4   | Noticed Nessos
 13302 | Lair:4   | Killed Nessos
 13743 | Lair:4   | Lost mutation: You are covered in fur. (AC +1) [potion of
                  | mutation]
 13743 | Lair:4   | Lost mutation: Your health recovers twice as slowly from
                  | being drained. [potion of mutation]
 13743 | Lair:4   | Gained mutation: You are clumsy. (Dex -2) [potion of
                  | mutation]
 13743 | Lair:4   | Lost mutation: You are clumsy. (Dex -2) [potion of
                  | mutation]
 13830 | Lair:5   | Entered Level 5 of the Lair of Beasts
 14072 | Lair:5   | Found a staircase to the Slime Pits.
 14072 | Lair:5   | Found a viscous altar of Jiyva.
 14103 | Lair:5   | Gained mutation: Your large and strong wings let you fly.
                  | [Gargoyle growth]
 14103 | Lair:5   | Reached XP level 14. HP: 62/91 MP: 14/14
 14157 | Lair:5   | Got the Meditations on Warped Embers
 14421 | Lair:5   | Reached skill level 12 in Shields
 14523 | Lair:5   | Reached ***** piety under the Shining One
 15309 | Lair:5   | Found a corrupted altar of Lugonu.
 15309 | Lair:5   | Found a one-way gate to the infinite horrors of the Abyss.
 15360 | Lair:5   | Identified the amulet "Iluim" {Reflect rC+ SH+5}
 15467 | Lair:5   | Reached skill level 13 in Shields
 15921 | Shoals:1 | Entered Level 1 of the Shoals
 16000 | Abyss:2  | Cast into level 2 of the Abyss (merfolk javelineer)
 16007 | Abyss:2  | Noticed a revenant
 16044 | Abyss:2  | Noticed a spectral shard shrike
 16055 | Abyss:2  | Slain by a spectral stone giant

Illustrated notes

Levels and vault maps discovered:
D:1:      matt_arrival_grand_opening, layout_basic
D:2:      layout_loops_ring, serial_shops, nicolae_shop_tiny_waterfront,
          nicolae_shop_drivethru, shop_coins, shop_statue, minmay_diced_spiral
D:3:      layout_loops_cross, chequers_serial_rivers_small_a,
          minmay_pentomino_pile, uniq_sigmund
D:4:      layout_rooms, nicolae_dithmenos_shadow_blocks, portal_sewer_entry_f,
          serial_library_hellmonk_h_bend, kennysheep_diamond,
          minmay_fractal_squares_5
D:5:      layout_basic, serial_bayou_pond_a
D:6:      layout_cave_pools, tso_metal_star, old_standard_altar,
          minmay_temple_entry_wispy, serial_gnoll_camp, gnoll_camp_medium_01,
          gnoll_camp_medium_02, grums_kennel, gnoll_camp_mini_hut,
          gnoll_camp_mini_hut, minmay_ogre_servants
D:7:      layout_loops_cross, nicolae_hepliaklqana_monster_ancestors,
          marbit_many_paths, serial_library, serial_library_hellmonk_room_a,
          serial_library_hellmonk_octagon,
          serial_library_regret_index_double_sided,
          serial_library_regret_index_split_case,
          serial_library_hellmonk_small_alcove,
          serial_library_regret_index_small_wings,
          serial_library_hellmonk_junction, serial_library_hellmonk_room_c,
          serial_library_hellmonk_layered_room, serial_shops,
          nicolae_shop_tiny_waterfront
D:8:      layout_rooms, disabler_island
D:9:      layout_cave_pods, regret_index_xom_of_box,
          nicolae_uskayaw_murder_on_the_dancefloor,
          mainiacjoe_overflow_alcove_2, elyvilon_altar_5,
          gammafunk_ghost_berserking_beasts
D:10:     layout_basic, grunt_gozag_statues, minmay_misc_feat_doors
D:11:     layout_basic, due_lair_maze_entry_diamond, uniq_sonja
Temple:   nicolae_temple_x_marks_the_god
Lair:1:   layout_loops_ring, uniq_gastronok
Lair:2:   layout_loops_ring, elwin_shoals_entry_stream, patterned_corridor,
          infiniplex_staircase_pool_2, uniq_amaemon, uniq_nergalle
Lair:3:   layout_regular_city, spider_nest_entry_rubble, pond
Lair:4:   layout_loops_ring, uniq_nessos
Lair:5:   hellmonk_lair_end_abyssal_woods, layout_gridlike, slime_entry_1,
          serial_bayou_lagoon_a, nicolae_lair_lindhole
Shoals:1: layout_shoals, serial_shops, nicolae_shop_back_alley_shop,
          nicolae_shoals_mertower, uniq_roxanne, uniq_aizul, uniq_nikola
Abyss:2:  base:
D:12

Skill      XL: |  1  2  3  4  5  6  7  8  9 10 11 12 13 14 |
---------------+-------------------------------------------+-----
Axes           | 2 3 |  3.5
Polearms       | 2 3 5 8 9 10 11 12 | 12.9
Armour         | 4 5 7 8 9 |  9.3
Stealth        | 1 6 |  6.6
Fighting       | 4 5 7 8 9 10 11 12 | 12.4
Dodging        | 1 2 6 7 8 9 |  9.3
Shields        | 6 7 8 10 11 13 | 13.2
Ranged Weapons | 2 3 |  3.0
Throwing       | |  0.4
Invocations    | |  0.2

Action                     |  1- 3 |  4- 6 |  7- 9 | 10-12 | 13-15 || total
---------------------------+-------+-------+-------+-------+-------++-------
  Melee: War axe           |    14 |       |       |       |       ||    14
         Spear             |    59 |       |   300 |   950 |  1196 ||  2505
         Halberd           |       |   204 |    55 |       |       ||   259
         Broad axe         |       |       |       |       |    11 ||    11
   Fire: Shortbow          |       |       |       |    82 |       ||    82
  Throw: Dart              |       |       |       |     5 |       ||     5
 Invoke: Divine Shield     |       |       |       |     1 |       ||     1
    Use: Scroll            |     2 |     8 |     5 |     5 |     5 ||    25
         Potion            |     1 |     3 |     2 |    10 |     6 ||    22
   Stab: Sleeping          |       |     1 |     6 |       |       ||     7
 Armour: Scale mail        |    27 |       |       |   261 |   674 ||   962
         Robe              |     3 |   177 |    98 |    16 |       ||   294
         Acid dragon scale |       |       |       |   109 |       ||   109
  Dodge: Dodged            |    19 |   187 |   109 |   308 |   512 ||  1135
  Block: Buckler           |     5 |       |    66 |   316 |   501 ||   888
